 Dungeon Crawl Stone Soup version 0.31.0-2-g5a2aebc5c2 (webtiles) character file.

Game seed: 10223954147208717569

49 tilp the Chopper (level 3, 0/33 HPs)
             Began as a Minotaur Berserker on Jan 20, 2024.
             Was a Follower of Trog.
             Slain by Sigmund
             ... wielding a +0 scythe
              (5 damage)
             ... on level 2 of the Dungeon.
             The game lasted 00:01:49 (1060 turns).

tilp the Chopper (Minotaur Berserker)               Turns: 1060, Time: 00:01:49

Health: 0/33       AC:  9    Str: 23    XL:     3   Next: 53%
Magic:  2/2        EV:  9    Int:  4    God:    Trog [*.....]
Gold:   43         SH:  0    Dex:  9    Spells: 2/2 levels left

rFire   . . .        a - +0 hand axe
rCold   . . .        (no shield)
rNeg    . . .        b - +0 chain mail
rPois   .            (helmet restricted)
rElec   .            (no cloak)
rCorr   .            (no gloves)
SInv    .            g - +0 pair of boots
Will    .....        (no amulet) Stlth
                     (no ring)
HPRegen 0.25/turn    (no ring)
MPRegen 0.08/turn

%: no passive effects
@: on berserk cooldown, slowed, very slow
A: horns 2, retaliatory headbutt
a: Renounce Religion, Berserk


You were on level 2 of the Dungeon.
You worshipped Trog.
Trog was aware of your devotion.
You visited 1 branch of the dungeon, and saw 2 of its levels.

You collected 43 gold pieces.

Inventory:

Hand Weapons
 a - a +0 hand axe (weapon)
Armour
 b - a +0 chain mail (worn)
 g - a +0 pair of boots (worn)
Talismans
 f - a beast talisman
Scrolls
 e - a scroll of teleportation


   Skills:
 + Level 4.1 Fighting
 * Level 4.4 Axes
 - Level 2.4 Armour
 + Level 2.7 Dodging
 + Level 1.1 Stealth


You had 2 spell levels left.
You didn't know any spells.
Your spell library was empty.

Dungeon Overview and Level Annotations

Branches:
Dungeon (2/15)

Altars:

Annotations:
D:2 Sigmund


Innate Abilities, Weirdness & Mutations

You have a pair of horns on your head.
You reflexively headbutt those who attack you in melee.


Message History

You feel your anger nearly subside.
You are no longer berserk.
You are exhausted.
You feel yourself slow down. Something hits you.
You hit something but do no damage.
You hear some strange, mumbled words.
A puff of flame appears from out of thin air!
The puff of flame hits you.
You closely miss something. You hit the hobgoblin but do no damage.
The hobgoblin barely misses you. Something hits you.
The hobgoblin closely misses you.
You closely miss something. You hit the hobgoblin.
Something hits you but does no damage. The hobgoblin barely misses you.
You barely miss something. You closely miss the hobgoblin.
The hobgoblin hits you but does no damage.
Something hits you.
The hobgoblin hits you but does no damage.
You barely miss something. You headbutt something! You hit the hobgoblin.
You kill the hobgoblin!
Trog accepts your kill. Something hits you. x2
* * * LOW HITPOINT WARNING * * *
You slash something! Your headbutt misses something.
Something completely misses you.
You miss something. Something hits you but does no damage.
You barely miss something.
You hear some strange, mumbled words.
You are confused.
You're too confused to move!
Something hits you.
* * * LOW HITPOINT WARNING * * *
Something hits you.
* * * LOW HITPOINT WARNING * * *
You bump into the rock wall.
Something hits you!
* * * LOW HITPOINT WARNING * * *
You feel less confused. Something hits you but does no damage.
You closely miss something. Something hits you.
* * * LOW HITPOINT WARNING * * *
You barely miss something. Something hits you but does no damage.
You barely miss something. Something hits you.
You die...

#.#.# #.#.#
#.#.### #.....#
#.....# #...?.#
## #..†..# #.. .
#..@{.# #.# .
###..## #.# #
#...###.# #
#.[.#.##.# #
#....##.#.######
#
##..##.##......#
#
#.........###.#
## #.#.#####.#
#.# #. #.## #.#
#.# #.


There were no monsters in sight!

Vanquished Creatures
  Terence (D:2)
  A dart slug (D:1)
  A ribbon worm (D:2)
  A ball python (D:1)
  5 endoplasms
  2 goblins (D:1)
  2 hobgoblins
  3 bats (D:1)
  2 frilled lizards (D:1)
  A kobold (D:1)
  A rat (D:1)
20 creatures vanquished.

Notes
Turn   | Place    | Note
-------+----------+-------------------------------------------
     0 | D:1      | tilp the Minotaur Berserker began the quest for the Orb.
     0 | D:1      | Reached XP level 1. HP: 19/19 MP: 0/0
   155 | D:1      | Reached XP level 2. HP: 22/27 MP: 1/1
   794 | D:2      | Noticed Terence
   799 | D:2      | Killed Terence
   800 | D:2      | Reached skill level 1 in Stealth
   800 | D:2      | Reached XP level 3. HP: 33/33 MP: 2/2
  1040 | D:2      | Noticed Sigmund
  1060 | D:2      | Slain by Sigmund

Illustrated notes

Levels and vault maps discovered:
D:1:      kennysheep_arrival_forest, layout_basic
D:2:      layout_loops_ring, serial_shops, nicolae_shop_tiny_waterfront,
          uniq_terence, uniq_sigmund, uniq_robin

Skill      XL: |  1  2 |
---------------+-------+-----
Axes           | 4 |  4.4
Fighting       | 4 |  4.1
Stealth        | 1 |  1.1
Armour         | |  2.4
Dodging        | |  2.7

Action                     || total
---------------------------++-------
  Melee: Hand axe          ||    42
         Headbutt          ||     6
 Invoke: Berserk           ||     2
    Use: Scroll            ||     3
   Stab: Sleeping          ||     1
 Armour: Animal skin       ||     9
         Chain mail        ||    23
  Dodge: Dodged            ||    19
